 Dungeon Crawl Stone Soup version 0.24-a0-613-g1ff6aac338 (webtiles) character file.

Game seed: 1250787611505024543, levelgen mode: deterministic

36 Jorund the Vexing (level 3, -4/26 HPs)
             Began as a Formicid Arcane Marksman on Sept 11, 2019.
             Slain by a gnoll
             ... wielding a +0 club
              (7 damage)
             ... on level 2 of the Dungeon.
             The game lasted 00:02:43 (888 turns).

Jorund the Vexing (Formicid Arcane Marksman)         Turns: 888, Time: 00:02:44

Health: -4/26      AC:  3    Str: 14    XL:     3   Next: 57%
Magic:  4/4        EV: 11    Int: 13    God:
Gold:   48         SH:  3    Dex: 11    Spells: 3/4 levels left

rFire    . . .     SeeInvis +   a - +0 hand crossbow
rCold    . . .     Gourm    .   j - +0 buckler
rNeg     . . .     Faith    .   e - +0 robe
rPois    .         Spirit   .   (helmet unavailable)
rElec    .         Reflect  .   (no cloak)
rCorr    .         Harm     .   g - +0 pair of gloves
MR       .....                  (no boots)
Stlth    +.........             (no amulet)
HPRegen  0.08/turn              (no ring)
MPRegen  0.09/turn              (no ring)

@: no status effects
A: permanent stasis, dig shafts and tunnels, four strong arms, antennae 3
a: Dig, Shaft Self


You were on level 2 of the Dungeon.
You were not hungry.

You visited 1 branch of the dungeon, and saw 2 of its levels.

You collected 48 gold pieces.

Inventory:

Hand Weapons
 a - a +0 hand crossbow (weapon)
Missiles
 d - 9 bolts (quivered)
Armour
 e - a +0 robe (worn)
 g - a +0 pair of gloves (worn)
 j - a +0 buckler (worn)
 l - a +0 shield
Scrolls
 b - a scroll of immolation {unknown}
 m - a scroll of identify {unknown}
 n - a scroll of enchant weapon {unknown}
Potions
 c - a potion of lignification {unknown}
 h - 4 potions of heal wounds {unknown}
 i - 2 potions of berserk rage {unknown}
 k - a potion of resistance {unknown}
 o - a potion of flight {unknown}
Comestibles
 f - 3 rations


   Skills:
 - Level 1.1 Fighting
 + Level 2.9 Crossbows
 - Level 1.7 Dodging
 + Level 1.2 Spellcasting
 + Level 4.4 Hexes


You had 3 spell levels left.
You knew the following spells:

 Your Spells              Type           Power        Failure   Level  Hunger
a - Corona                Hex            ##.....      8%          1    ##.....

Your spell library contained the following spells:

 Spells                   Type           Power        Failure   Level  Hunger
 Slow                     Hex            ##......     11%         2    ###....
 Inner Flame              Hex/Fire       #.......     50%         3    ####...
 Portal Projectile        Hex/Tloc       #.....       50%         3    ####...
 Cause Fear               Hex            ##........   58%         4    #####..
 Leda's Liquefaction      Hex/Erth       #.........   88%         4    #####..


Dungeon Overview and Level Annotations

Branches:
Dungeon (2/15)

Altars:
Trog


Innate Abilities, Weirdness & Mutations

You cannot be hasted, slowed, berserked, paralysed or teleported.
You can dig through walls and to a lower floor.
Your four strong arms can wield two-handed weapons with a shield.
You have a pair of large antennae on your head. (SInv)


Message History

You shoot a bolt. The bolt closely misses the gnoll.
The gnoll hits you but does no damage. The gnoll barely misses you.
The gnoll closely misses you. The gnoll hits you with a +0 club.
Firing (i - inventory)
d - 11 bolts (quivered)
Press: ? - help, Shift-Dir - straight line, f/p - gnoll
Aim: a gnoll, wielding a +0 halberd (almost dead)
You shoot a bolt.
The bolt hits the gnoll but does no damage.
The gnoll is almost dead.
The gnoll hits you from afar with a +0 spear!
The gnoll barely misses you. x2
Firing (i - inventory)
d - 10 bolts (quivered)
Press: ? - help, Shift-Dir - straight line, f/p - gnoll
Aim: a gnoll, wielding a +0 halberd (almost dead)
You shoot a bolt. The bolt hits the gnoll.
You kill the gnoll!
The gnoll hits you from afar with a +0 spear.
* * * LOW HITPOINT WARNING * * *
The gnoll hits you with a +0 club!
You die...

#.######.#.......######8
#.#.................#
##...................#
#.....#......#.....#.#
#..####.#.#..#<....#.#
#..####.###..#######.# {
#....#...##..........####
#......_.#....######.....
#....#..@g...............
##....###..).#############
#.....###.†g((.((... {
###.....#..#.###.###
##.......#.# ######.##.#
#....# ######


You could see 2 gnolls.

Vanquished Creatures
  A gnoll (D:2)
  2 worms (D:2)
  A dart slug (D:1)
  3 giant cockroaches (D:1)
  A goblin (D:1)
  2 hobgoblins
  2 kobolds (D:1)
  2 bats (D:1)
  5 rats
19 creatures vanquished.

Notes
Turn   | Place    | Note
-------+----------+-------------------------------------------
     0 | D:1      | Jorund the Formicid Arcane Marksman began the quest for the
                  | Orb.
     0 | D:1      | Reached XP level 1. HP: 15/15 MP: 2/2
   128 | D:1      | Reached skill level 4 in Hexes
   129 | D:1      | Reached XP level 2. HP: 21/21 MP: 1/3
   696 | D:2      | Reached XP level 3. HP: 26/26 MP: 1/4
   783 | D:2      | Found a bloodstained altar of Trog.
   888 | D:2      | Slain by a gnoll

Levels and vault maps discovered:
D:1:      dpeg_arrival_rooms_a, layout_basic, minmay_misc_feat_four_crosses,
          minmay_large_rounded_square
D:2:      minmay_chambers_of_twos, layout_basic, nicolae_overflow_crystal_walls,
          trog_three_pillars_becter

Skill      XL: |  1 |
---------------+----+-----
Hexes          | 4 |  4.4
Fighting       | |  1.1
Crossbows      | |  2.9
Dodging        | |  1.7
Spellcasting   | |  1.2

Action                   || total
-------------------------++-------
 Fire: Hand crossbow     ||    59
Throw: Dart              ||     2
 Cast: Corona            ||     8
Armor: Robe              ||     7
Dodge: Dodged            ||    18
Block: Buckler           ||     1

Table legend:
 A = Non-vault XP
 B = Vault XP
 C = Vault XP percentage of total XP
 D = Non-vault monster count
 E = Vault monster count
 F = Vault count percentage of total count
                 A         B        C        D         E       F
            +---------+---------+-------+---------+---------+-------
      Total |      52 |       0 |   0.0 |      19 |       0 |   0.0
            +---------+---------+-------+---------+---------+-------
        D:1 |      23 |       0 |   0.0 |      13 |       0 |   0.0
        D:2 |      29 |       0 |   0.0 |       6 |       0 |   0.0
            +---------+---------+-------+---------+---------+-------
